cohdb
Replays
Latest Replays
All Replays
Popular Replays
Top Player Replays
Match Explorer
How It Works
Community
CoH3 Stats
Reddit
Sign in to upload your games and track your stats! →
Sign in with Steam
Match 35994428
Unlisted
Match 35994428
Overview
Messages
Build Orders
End
Construct Section Command Post
Dingo Light Scout Car
Dingo Light Scout Car
Infantry Section
Infantry Section
Construct Platoon Command Post
Humber Armored Car
Unlock M3 Stuart Light Tanks
M3 Stuart Light Tank
Selects Heavy Armor Battlegroup
Selects Rigorous Vehicle Training
Infantry Section
M3 Stuart Light Tank
Royal Engineer Section
Selects Light Vehicle Withdraw and Refit
Selects Radio Net
Selects Recon Artillery
CMP 15cwt Truck
Recon Artillery
Infantry Section
Construct Company Command Post
Infantry Section
Selects Crusader AA Medium Tank
Crusader II Medium Tank
Crusader II Medium Tank
Armored Vehicle Training
Infantry Section
Recon Artillery
Crusader II Medium Tank
Grenade Package
Infantry Section
Crusader II Medium Tank
Crusader II Medium Tank
Anna
Ista.
Yaas
骑金将军的迈巴赫
Globalnaya
JACKAL
0
0
Comments
sign in to comment!
No comments posted yet!